Map: Deathaura LE

Players

Massa - Winner!

  • Race: Terran Terran
  • League: Platinum
  • Spawn Location: 5:00

qqq

  • Race: Zerg Zerg
  • League: Platinum
  • Spawn Location: 11:00

VOD

Have the link to the VOD?

Description

Time

  • Played on: Jan. 4, 2021, 5:20 p.m.
  • Length: 30:35
Show
View Real Time Build Order
Export as new Build Order

Massa Terran - Winner!

Build Orders: 2 Factory, Hellion Opening 

Get SALT Encoding   

  12  0:00  SCV  
  13  0:12  SCV  
  14  0:17  Supply Depot  
  14  0:24  SCV  
  15  0:39  SCV  
  15  0:40  Barracks  
  16  0:46  Refinery  
  16  0:51  SCV  
  17  1:03  SCV  
  18  1:06  Refinery  
  18  1:15  SCV  
  19  1:27  SCV  
  20  1:40  Supply Depot  
  20  1:47  Orbital Command, Factory  
  20  1:56  Marine  
  21  2:10  Factory  
  21  2:14  SCV  
  22  2:16  Barracks Tech Lab  
  22  2:26  SCV  
  23  2:38  SCV  
  23  2:40  Supply Depot  
  24  2:44  Barracks Reactor, Hellion  
  24  2:46  Infernal Pre-Igniter  
  26  2:53  SCV  
  26  2:58  Hellion  
  29  3:04  Armory  
  29  3:08  Hellion  
  31  3:14  Supply Depot  
  31  3:30  Hellion  
  33  3:35  Hellion x2  
  37  3:51  Hellion  
  39  3:56  Hellion x2  
  39  4:00  Supply Depot  
  43  4:09  Hellion x8  
  43  4:10  Hellion  
  43  4:13  Hellion  
  45  4:17  Hellion  
  49  4:24  Hellion  
  49  4:34  Hellion  
  51  4:39  Hellion  
  53  4:56  Hellion  
  55  5:01  Supply Depot  
  55  5:02  Command Center  
  55  5:03  Supply Depot  
  55  5:23  Hellion x3, Marine  
  55  5:24  SCV  
  63  5:36  SCV  
  63  5:40  Marine  
  51  6:01  Hellion x3  
  45  6:13  Orbital Command  
  45  6:15  SCV  
  45  6:17  Barracks Tech Lab  
  44  6:22  Hellion x3  
  44  6:25  Ghost Academy  
  50  6:26  Ghost Academy x2  
  50  6:28  SCV  
  51  6:40  SCV  
  51  6:44  Hellion  
  51  6:45  SCV  
  55  6:52  SCV  
  56  6:57  SCV, Ghost Academy  
  55  7:04  Hellion x2  
  55  7:05  Hellion  
  55  7:08  Marine  
  62  7:13  Barracks  
  62  7:14  Stimpack  
  58  7:23  Smart Servos  
  58  7:25  Hellion x2, Marine  
  63  7:40  SCV x2  
  63  7:43  Marine  
  66  7:50  Nuke, Personal Cloaking  
  66  7:51  Nuke x2, Command Center  
  66  7:52  SCV x2  
  66  7:57  Supply Depot  
  68  8:04  SCV  
  69  8:14  SCV  
  69  8:16  SCV  
  71  8:21  Starport  
  71  8:26  Refinery x2, SCV  
  72  8:30  Hellion x2  
  70  9:13  Orbital Command  
  70  9:15  Command Center  
  70  9:16  Nuke  
  70  9:19  Barracks Reactor  
  70  9:20  Command Center  
  70  9:21  SCV x2  
  72  9:33  SCV x2  
  72  9:45  Starport Reactor  
  68  9:46  Combat Shield  
  68  9:54  SCV x3  
  68  9:58  Refinery  
  71  10:02  Refinery  
  71  10:06  SCV x3  
  76  10:07  Hellion x3  
  80  10:18  SCV  
  81  10:23  Hellion  
  83  10:28  Hellion  
  83  10:29  Hellion x2  
  89  10:50  Hellion  
  85  11:05  Concussive Shells  
  85  11:09  SCV x3  
  88  11:16  Orbital Command  
  88  11:19  Orbital Command  
  88  11:21  SCV x3  
  91  11:33  SCV x3  
  94  11:45  SCV  
  89  11:54  SCV  
  89  11:55  SCV x3  
  89  11:57  SCV  
  94  12:02  Refinery  
  94  12:03  Refinery  
  94  12:06  Hellion x3  
  94  12:07  SCV x2, Ghost  
  104  12:13  Mag-Field Accelerator  
  104  12:17  Engineering Bay  
  104  12:23  Refinery  
  104  12:27  Hellion  
  104  12:28  Hellion x2  
  110  12:36  Ghost  
  112  12:48  Hellion, Command Center  
  112  12:49  Hellion x2  
  118  12:57  Missile Turret  
  118  13:04  Ghost  
  120  13:10  Hellion x3  
  126  13:23  Supply Depot  
  126  13:24  Hellion x23, Supply Depot x2  
  126  13:26  Factory  
  126  13:29  Supply Depot  
  126  13:31  Hellion  
  126  13:32  Hellion x2  
  126  13:33  Ghost  
  134  13:36  Marine  
  134  13:37  Marine  
  136  13:49  Supply Depot  
  136  13:50  Supply Depot x2  
  136  13:53  Drilling Claws, Hellion  
  136  13:54  Marine x2, Supply Depot  
  140  14:01  Ghost  
  142  14:03  Hellion  
  142  14:04  Hellion  
  146  14:12  Marine x2  
  146  14:13  Factory Reactor  
  146  14:14  Hellion, Supply Depot x2  
  150  14:17  Supply Depot  
  150  14:19  Supply Depot  
  150  14:25  Hellion x2  
  150  14:30  Refinery, Ghost, Marine x2  
  158  14:35  Hellion  
  158  14:37  Supply Depot  
  152  14:46  Hellion x2  
  156  14:58  Ghost  
  158  15:27  Ghost  
  158  15:28  SCV x3  
  163  15:30  Orbital Command  
  163  15:41  Hellion  
  163  15:42  Hellion x4  
  173  15:56  Ghost  
  175  16:02  Hellion  
  175  16:03  Hellion x4  
  161  16:24  Hellion x5, Ghost  
  173  16:44  Enhanced Shockwaves  
  173  16:45  Hellion  
  173  16:46  Hellion x4  
  183  16:53  Ghost  
  185  16:58  Command Center  
  185  17:06  Hellion  
  185  17:07  Hellion x4  
  195  17:28  Hellion x2  
  199  17:51  Hellion x2  
  163  18:12  Unknown  
  159  18:21  Armory  
  159  18:28  Fusion Core  
  159  18:29  Planetary Fortress  
  159  18:34  Refinery  
  159  18:37  Refinery  
  159  18:46  Widow Mine x3  
  159  18:47  Widow Mine x2  
  169  19:07  Widow Mine, Hellion x2  
  169  19:08  Widow Mine x4, Hellion x23  
  179  19:10  Engineering Bay  
  177  19:29  Widow Mine x5  
  179  19:50  Widow Mine  
  179  19:51  Widow Mine x4  
  183  20:14  Ghost  
  167  20:15  Marine x2  
  153  20:33  Marine x2  
  153  20:34  Hellion  
  153  20:35  Hellion x4  
  161  20:41  Hellion x9  
  161  20:42  Ghost  
  161  20:51  Marine x2  
  161  20:56  Hellion x4  
  161  20:57  Hellion  
  173  21:08  Marine  
  173  21:09  Marine  
  173  21:11  Ghost  
  175  21:17  Hellion  
  175  21:18  Widow Mine x2, Hellion x2  
  187  21:39  Widow Mine x4, Ghost  
  186  21:56  Hellion x12  
  186  22:08  Ghost  
  188  22:36  Ghost  
  188  22:39  Medivac x2  
  194  22:55  Unknown  
  194  22:57  Hellion x3  
  192  24:12  Ghost  
  192  24:14  Nuke x4  
  194  24:39  Hellion x6  
  194  24:40  Ghost  
  194  25:03  Marine x2  
  196  25:09  Ghost  
  198  25:21  Marine x2  
  200  25:46  Supply Depot  
  200  25:47  Supply Depot x2  
  200  25:49  Supply Depot  
  200  26:12  Supply Depot  
  200  26:13  Supply Depot x2  
  200  26:15  Supply Depot  
  194  26:28  Hellion  
  192  26:37  Supply Depot  
  192  26:40  Supply Depot  
  192  26:57  Hellion x4  
  192  28:46  Command Center  
  192  29:03  Hellion x5  
Show
View Real Time Build Order
Export as new Build Order

qqq Zerg 

Build Orders: Hatch First 

Get SALT Encoding   

  12  0:00  Drone  
  13  0:08  Drone  
  14  0:16  Overlord  
  14  0:43  Hatchery  
  14  0:48  Drone  
  14  0:50  Drone  
  14  0:57  Drone  
  16  1:07  Drone  
  17  1:21  Spawning Pool  
  17  1:25  Drone x2  
  18  1:41  Extractor, Drone  
  18  1:42  Extractor  
  17  1:52  Drone  
  18  1:59  Hatchery  
  18  2:00  Drone  
  18  2:09  Drone  
  18  2:13  Queen  
  21  2:19  Drone  
  22  2:26  Drone  
  22  2:27  Drone  
  24  2:32  Drone  
  25  2:45  Lair  
  25  2:51  Overlord  
  25  2:54  Drone  
  26  3:01  Drone x2  
  28  3:07  Overlord  
  28  3:20  Drone x2  
  28  3:24  Spine Crawler  
  29  3:28  Queen  
  29  3:31  Drone  
  32  3:44  Hydralisk Den  
  32  3:45  Drone  
  32  3:46  Drone x2  
  34  3:52  Drone  
  34  3:53  Drone x2  
  35  4:30  Hydralisk x3  
  41  4:33  Muscular Augments  
  41  4:38  Spine Crawler  
  41  4:39  Spine Crawler  
  41  4:40  Drone  
  41  4:41  Drone x2, Spine Crawler  
  39  4:46  Hydralisk  
  39  4:52  Drone  
  42  4:53  Hydralisk  
  44  5:04  Overlord  
  44  5:07  Overlord  
  44  5:16  Spine Crawler  
  44  5:18  Spine Crawler, Queen  
  44  5:22  Queen  
  44  5:23  Hydralisk  
  44  5:24  Hydralisk x2  
  52  5:44  Grooved Spines, Hydralisk x2  
  52  5:45  Hydralisk x2  
  53  6:16  Hydralisk x3  
  53  6:17  Hydralisk  
  60  6:19  Overlord  
  60  6:20  Overlord  
  56  7:45  Hydralisk x6  
  56  7:46  Hydralisk x2  
  56  7:47  Hydralisk x2  
  76  8:20  Overlord x2  
  76  8:21  Overlord x2  
  76  8:22  Overlord  
  76  8:35  Overseer  
  70  9:26  Drone x5  
  70  9:27  Drone  
  70  12:19  Roach Warren  
  69  13:08  Hydralisk  
  69  13:09  Hydralisk x2  
  69  13:10  Hydralisk x3  
  81  13:13  Glial Reconstitution  
  81  13:22  Roach  
  83  13:27  Roach  
  85  13:34  Roach  
  85  13:36  Roach  
  59  15:01  Hydralisk  
  59  15:02  Hydralisk x2  
  59  15:03  Hydralisk x2  
  59  15:04  Hydralisk  
  59  15:05  Hydralisk x2  
  59  15:06  Hydralisk x2  
  79  15:13  Hydralisk  
  79  15:14  Hydralisk x2  
  79  15:17  Roach x7  
  59  16:51  Hydralisk  
  59  16:52  Hydralisk  
  59  16:54  Roach x3  
  65  16:55  Roach x3  
  65  16:56  Roach  
  65  16:57  Roach x2  
  81  17:18  Hatchery x2  
  51  19:06  Tunneling Claws  
  51  19:10  Ravager x5  
  51  19:11  Ravager  
  57  19:21  Infestation Pit  
  44  19:43  Roach x8  
  44  19:44  Roach x7  
  44  19:45  Hydralisk  
  70  19:49  Overlord  
  70  19:50  Overlord x2  
  70  19:51  Overlord x2  
  70  19:52  Zergling x26  
  83  19:57  Extractor  
  83  19:58  Extractor  
  81  20:04  Spine Crawler  
  31  21:27  Spine Crawler  
  31  21:28  Spine Crawler x2  
  31  21:29  Spore Crawler x2  
  31  21:30  Spine Crawler  
  8  22:13  Spine Crawler x2  
  8  22:14  Spine Crawler  
  8  22:15  Spine Crawler  
  4  22:33  Spine Crawler  
  4  22:35  Spine Crawler  
  2  22:37  Queen  
  6  23:45  Pneumatized Carapace  
  4  25:21  Drone x3  
  4  25:22  Queen  
  9  25:58  Queen  
  11  26:19  Spine Crawler x2  
  11  26:20  Spine Crawler  
  8  26:34  Queen  
  10  27:09  Queen  
  12  27:45  Queen  
  14  28:21  Queen  
  16  28:56  Queen  
  16  29:32  Queen  
Tags
 
Add a new tag
Caveats
  • Supply blocks, unpowered buildings, or Contaminate may cause inaccurate times.
  • Supply counts are checked every 10 seconds.